 Dungeon Crawl Stone Soup version 0.27.1-37-g7b29ead8ac (webtiles) character file.

Game seed: 802648759708153315

1439 cbfl8 the Chopper (level 8, 0/68 HPs)
             Began as a Minotaur Fighter on May 3, 2023.
             Killed from afar by a gargoyle (28 damage)
             ... with a stone arrow
             ... on level 6 of the Dungeon.
             The game lasted 00:05:14 (6176 turns).

cbfl8 the Chopper (Minotaur Fighter)                Turns: 6176, Time: 00:05:14

Health: 0/68       AC: 10    Str: 33    XL:     8   Next: 45%
Magic:  9/9        EV:  7    Int:  5    God:
Gold:   93         SH: 19    Dex: 12    Spells: 7/7 levels left

rFire    . . .     SeeInvis .   a - +0 war axe
rCold    . . .     Faith    .   c - +2 tower shield
rNeg     . . .     Spirit   .   b - +0 scale mail
rPois    .         Reflect  .   (helmet restricted)
rElec    .         Harm     .   (no cloak)
rCorr    .         Rampage  .   r - +0 pair of gloves
Will     .....                  s - +0 pair of boots
Stlth    ..........             (no amulet)
HPRegen  0.21/turn              j - +6 ring of strength
MPRegen  0.11/turn              n - +6 ring of strength

@: mighty
A: horns 2, retaliatory headbutt
a: no special abilities


You were on level 6 of the Dungeon.
You visited 2 branches of the dungeon, and saw 7 of its levels.

You collected 223 gold pieces.
You spent 130 gold pieces at shops.

Inventory:

Hand Weapons
 a - a +0 war axe (weapon)
Armour
 b - a +0 scale mail (worn)
 c - a +2 tower shield (worn)
 r - a +0 pair of gloves (worn)
 s - a +0 pair of boots (worn)
Jewellery
 j - a +6 ring of strength (left hand)
 k - a +4 ring of protection
 n - a +6 ring of strength (right hand)
Wands
 p - a wand of digging (2)
Scrolls
 e - 2 scrolls of identify {unknown}
 h - a scroll of vulnerability {unknown}
 i - a scroll of enchant armour {unknown}
 l - 2 scrolls of teleportation {unknown}
 u - a scroll of amnesia {unknown}
Potions
 d - 2 potions of curing {unknown}
 f - 2 potions of haste {unknown}
 g - a potion of heal wounds
 m - a potion of attraction {unknown}
 o - a potion of brilliance {unknown}
 q - a potion of mutation {unknown}
 t - a potion of might
 v - a potion of lignification {unknown}
 w - a potion of berserk rage {unknown}
 x - a potion of magic {unknown}


   Skills:
 + Level 5.1 Fighting
 + Level 6.4 Axes
 + Level 5.8 Armour
 + Level 2.1 Dodging
 + Level 1.2 Stealth
 + Level 6.1 Shields
 * Level 3.6 Invocations
 * Level 3.8 Evocations


You had 7 spell levels left.
You didn't know any spells.
Your spell library contained the following spells:

 Spells                   Type           Power      Damage    Failure   Level
 Magic Dart               Conj           0%         1d3       100%        1
 Shock                    Conj/Air       0%         1d3       100%        1
 Corpse Rot               Necr/Air       N/A        N/A       100%        2
 Mephitic Cloud           Conj/Pois/Air  0%         N/A       100%        3
 Swiftness                Air            0%         N/A       100%        3
 Airstrike                Air            0%         N/A       100%        4
 Iskenderun's Mystic Bla  Conj/Tloc      0%         2d3       100%        4


Dungeon Overview and Level Annotations

Branches:
Dungeon (6/15)             Temple (1/1) D:4

Altars:
Ashenzari
Dithmenos
Elyvilon
Fedhas
Gozag
Hepliaklqana
Kikubaaqudgha
Makhleb
Ru
Sif Muna
Trog
Uskayaw
Wu Jian
The Shining One

Shops:
D:4 !


Innate Abilities, Weirdness & Mutations

You have a pair of horns on your head.
You reflexively headbutt those who attack you in melee.


Message History

The gargoyle is lightly damaged.
You block the gargoyle's attack.
The gargoyle hits you with a +2 dire flail of protection!
A gargoyle is nearby!
You hit the gargoyle but do no damage.
You headbutt the gargoyle, but do no damage.
The gargoyle is lightly damaged.
You block the gargoyle's attack.
A gargoyle is nearby!
You hit the gargoyle but do no damage.
You headbutt the gargoyle, but do no damage.
The gargoyle is lightly damaged.
You block the gargoyle's attack.
The gargoyle hits you with a +2 dire flail of protection.
A gargoyle is nearby!
You hit the gargoyle but do no damage.
The gargoyle is lightly damaged.
The gargoyle hurls a stone arrow at you.
The stone arrow hits you!!
You are too injured to fight recklessly!
You are too injured to fight recklessly!
You feel much better. You block the gargoyle's attack.
You feel very mighty all of a sudden. The gargoyle barely misses you.
You furiously retaliate!
You headbutt the gargoyle. You hit the gargoyle but do no damage.
The gargoyle is moderately damaged.
You block the gargoyle's attack.
The gargoyle hits you with a +2 dire flail of protection!
Your shield and scale mail prevent you from hitting the gargoyle.
You headbutt the gargoyle, but do no damage.
The gargoyle is moderately damaged.
The gargoyle hurls a stone arrow at you.
The stone arrow hits you!
You slash the gargoyle! Your headbutt misses the gargoyle.
The gargoyle is almost destroyed.
The gargoyle hits you with a +2 dire flail of protection.
The gargoyle hurls a stone arrow at you.
The stone arrow hits you!!
You die...

#.### #. #.# #.##
#.# .... #.# #..#
#. #.# #..# #.
#.### #..## #.
#####....
#.9##.#.###........
#.@................
#..#####.##.##.....
#.......>..........
##.#..##..#.#......
#.#..##..#.#......
#.#..##.##........
#.#..........#.#..
#.###..........#.#
#............†.#<#


You could see a gargoyle.

Vanquished Creatures
  Menkaure (D:5)
  A water moccasin (D:4)
  Duvessa (D:5)
  An ice beast (D:5)
  A sky beast (D:4)
  A necrophage (D:5)
  2 ogres (D:5)
  Dowan (D:5)
  3 scorpions
  A water moccasin skeleton (D:5)
  A howler monkey (D:5)
  A bullfrog zombie (D:6)
  A jelly (D:5)
  A bullfrog skeleton (D:5)
  An orc priest (D:3)
  2 iguanas
  An orc wizard (D:3)
  8 adders
  2 river rats (D:4)
  A worm (D:2)
  3 dart slugs
  7 orcs
  6 endoplasms
  2 giant cockroaches
  8 goblins
  9 hobgoblins
  4 jackals
  3 kobolds
  2 quokkas
  3 ball pythons
  6 bats
  2 frilled lizards
  7 rats
94 creatures vanquished.

Vanquished Creatures (others)
  9 plants (D:3)
9 creatures vanquished.

Grand Total: 103 creatures vanquished

Notes
Turn   | Place    | Note
-------+----------+-------------------------------------------
     0 | D:1      | cbfl8 the Minotaur Fighter began the quest for the Orb.
     0 | D:1      | Reached XP level 1. HP: 19/19 MP: 0/0
   199 | D:1      | Reached XP level 2. HP: 19/27 MP: 1/1
   972 | D:2      | Reached XP level 3. HP: 23/33 MP: 2/2
  1403 | D:2      | Found a shadowy altar of Dithmenos.
  1615 | D:3      | Found a shimmering blue altar of Sif Muna.
  1720 | D:3      | Reached XP level 4. HP: 25/40 MP: 3/3
  1733 | D:3      | Reached skill level 1 in Invocations
  1734 | D:3      | Got the Handbook of Destructive Lightness
  1983 | D:3      | Reached skill level 1 in Evocations
  2163 | D:3      | Reached XP level 5. HP: 46/46 MP: 4/4
  2317 | D:3      | Found a glowing golden altar of the Shining One.
  2598 | D:4      | Identified the +6 whip of Dismay {antimagic, rElec rN++}
  2621 | D:4      | Found a staircase to the Ecumenical Temple.
  2641 | D:4      | Found Xukhles's Distillery.
  2681 | D:4      | Bought a potion of heal wounds for 50 gold pieces
  2847 | Temple   | Entered the Ecumenical Temple
  3015 | D:4      | Noticed a water moccasin
  3029 | D:4      | Killed a water moccasin
  3030 | D:4      | Reached XP level 6. HP: 31/53 MP: 6/6
  3512 | D:4      | Reached skill level 1 in Stealth
  3575 | D:4      | Bought a potion of might for 40 gold pieces
  3575 | D:4      | Bought a potion of might for 40 gold pieces
  3579 | D:5      | Entered Level 5 of the Dungeon
  3588 | D:5      | Reached skill level 1 in Dodging
  3590 | D:5      | Noticed a sky beast
  3601 | D:4      | Killed a sky beast
  3602 | D:4      | Reached skill level 5 in Armour
  3993 | D:5      | Reached skill level 5 in Shields
  3993 | D:5      | Reached XP level 7. HP: 53/60 MP: 7/7
  4186 | D:5      | Reached skill level 5 in Axes
  4244 | D:5      | Noticed Menkaure
  4254 | D:5      | Killed Menkaure
  4355 | D:5      | Noticed Dowan
  4355 | D:5      | Noticed Duvessa
  4367 | D:5      | Killed Duvessa
  4368 | D:5      | Reached XP level 8. HP: 34/67 MP: 9/9
  4370 | D:5      | Killed Dowan
  4960 | D:5      | Reached skill level 5 in Fighting
  6032 | D:6      | Found an ancient bone altar of Kikubaaqudgha.
  6163 | D:6      | Noticed a gargoyle
  6176 | D:6      | Killed from afar by a gargoyle

Illustrated notes

Levels and vault maps discovered:
D:1:      wander_arrival_lonely_grave, layout_basic, serial_curves,
          eino_curves_01, eino_curves_02, glass_columns_b
D:2:      layout_basic, basic_altar
D:3:      layout_rooms, lemuel_crystal_altar, overflow_temple_1_default,
          serial_bayou_lagoon_b
D:4:      layout_gridville, minmay_temple_entry_junction, serial_shops,
          nicolae_shop_behind_doors, portal_sewer_entry_e,
          kennysheep_generic_room_5
D:5:      layout_layer_cave, chequers_serial_rivers_micro_b,
          grunt_ministairs_15, uniq_duvessa, uniq_menkaure
D:6:      lemuel_ratsnest, layout_basic, mainiacjoe_overflow_catwalk,
          nicolae_dithmenos_the_darkroom, kennysheep_mini_moat,
          hangedman_decor_slide_cut, minmay_statues_item, uniq_pikel
Temple:   cyrus_temple_forest

Skill      XL: |  1  2  3  4  5  6  7  8 |
---------------+-------------------------+-----
Armour         | 4 5 |  5.8
Axes           | 3 4 5 6 |  6.4
Fighting       | 4 5 |  5.1
Shields        | 4 5 6 |  6.1
Invocations    | 1 2 3 |  3.6
Evocations     | 1 2 3 |  3.8
Stealth        | 1 |  1.2
Dodging        | 1 2 |  2.1

Action                   |  1- 3 |  4- 6 |  7- 9 || total
-------------------------+-------+-------+-------++-------
Melee: War axe           |    83 |    69 |    89 ||   241
       Headbutt          |    12 |    14 |    21 ||    47
  Use: Potion            |       |     1 |     2 ||     3
Armor: Scale mail        |    39 |    29 |    12 ||    80
Dodge: Dodged            |    21 |    29 |    14 ||    64
Block: Kite shield       |    46 |    17 |       ||    63
       Tower shield      |       |    57 |   103 ||   160
